 Dungeon Crawl Stone Soup version 0.31-a0-986-g5e6e4ef867 (webtiles) character file.

Game seed: 7759283495542820517

55 timneilson the Ruffian (level 3, 0/24 HPs)
             Began as an Octopode Shapeshifter on Nov 15, 2023.
             Slain by an adder (4 damage)
             ... on level 2 of the Dungeon.
             The game lasted 00:01:47 (1332 turns).

timneilson the Ruffian (Octopode Shapeshifter)      Turns: 1332, Time: 00:01:47

Health: 0/24       AC:  1    Str: 15    XL:     3   Next: 93%
Magic:  3/3        EV: 13    Int: 12    God:
Gold:   148        SH:  0    Dex: 11    Spells: 2/2 levels left

rFire   . .          .
                       - Unarmed
rCold   . . .        (no shield)
rNeg    . . .        (helmet currently unavailable)
rPois   .            (no amulet)
rElec   .            (no ring)
rCorr   .            (no ring)
SInv    .            (no ring)
Will    .....        (no ring)
Stlth   +++          (no ring)
HPRegen 0.24/turn    (no ring)
MPRegen 0.08/turn    (no ring)
                     (no ring)

%: no passive effects
@: beast-form
A: beast (slay +1), almost no armour, amphibious, 8 rings, camouflage 1,
gelatinous body 1, (nimble swimmer 1), tentacles
a: Begin Untransformation


You were on level 2 of the Dungeon.
You were a hulking beast.
You visited 1 branch of the dungeon, and saw 2 of its levels.

You collected 148 gold pieces.

Inventory:

Talismans
 b - a beast talisman
 c - a flux talisman
Scrolls
 f - 3 scrolls of identify
 g - a scroll of amnesia {unknown}
 h - a scroll of immolation {unknown}
Potions
 a - a potion of lignification
 d - a potion of ambrosia
 e - a potion of magic


   Skills:
 * Level 1.8 Fighting
 * Level 2.5 Dodging
 + Level 1.4 Stealth
 * Level 3.3 Unarmed Combat
 - Level 0.1 Spellcasting
 * Level 3.3 Shapeshifting


You had 2 spell levels left.
You didn't know any spells.
Your spell library contained the following spells:

 Spells                   Type           Power      Damage    Failure   Level
 Necrotise                Necr           0%         1d4       32%         1
 Vampiric Draining        Necr           0%         2d6       69%         3
 Agony                    Necr           0%         N/A       100%        5


Dungeon Overview and Level Annotations

Branches:
Dungeon (2/15)

Altars:


Innate Abilities, Weirdness & Mutations

You are a hulking beast.
Your limbs bulge with bestial killing power. (Slay +1)
You cannot wear most types of armour.
You are amphibious.
You can wear up to eight rings at the same time.
Your skin changes colour to match your surroundings (Stealth+).
Your rubbery body absorbs attacks. (AC +1, EV +1)
((You are camouflaged when in or above water. (Stealth+)))
You have tentacles for arms and can constrict up to eight enemies at once.


Message History

You are too injured to fight recklessly!
You are too injured to fight recklessly!
You are too injured to fight recklessly!
You are too injured to fight recklessly!
You are too injured to fight recklessly!
You are too injured to fight recklessly!
You are too injured to fight recklessly!
You are too injured to fight recklessly!
You are too injured to fight recklessly!
You are too injured to fight recklessly!
You are too injured to fight recklessly!
You are too injured to fight recklessly!
You are too injured to fight recklessly!
You are too injured to fight recklessly!
Unknown command.
You release your grip on the adder.
You feel sick. The goblin completely misses you.
You feel sick. The adder barely misses you.
You feel sick.
You are no longer poisoned.
The jackal barks!
You miss the adder. Your grab misses the adder. The adder closely misses you.
The adder completely misses you. The adder bites you.
* * * LOW HITPOINT WARNING * * *
The adder bites you.
* * * LOW HITPOINT WARNING * * *
The adder attacks as it pursues you! The adder closely misses you.
The adder attacks as it pursues you! The adder bites you.
* * * LOW HITPOINT WARNING * * *
The adder barely misses you. The adder attacks as it pursues you!
The adder bites you.
* * * LOW HITPOINT WARNING * * *
The adder barely misses you.
You see here a bat corpse.
The adder attacks as it pursues you! The adder barely misses you.
The adder bites you.
* * * LOW HITPOINT WARNING * * *
The adder bites you.
You die...

.##..###.#.# #.##
##....####.#
..#......#.## ##.##
##.##### #.#
#...........# #..###.##
#.#
..#####.##..####.#.#..##
#.# .##
#...>...........[### #.#
.# ####.......#####.##.#
#.# ## ###.###.# ###...#
#.# #.# #.# #..#..# #..
#.# #h# #..###..#### #.#
#S## #..##.##..### #.#
#..##..##...##..## #.#
#.h#...# #g.#...# #.#
##...# #(#...#..
#.#####.g## # #..##..
#.....##..## #..##h.#
#####.###.†##...##.g##
#.# ##.g##.##g.###


You could see an adder, a jackal and a hobgoblin.

Vanquished Creatures
  An adder (D:2)
  2 worms (D:2)
  A dart slug (D:1)
  5 endoplasms
  3 giant cockroaches
  6 goblins
  A hobgoblin (D:2)
  3 jackals (D:2)
  3 quokkas
  A ball python (D:1)
  3 bats
  A frilled lizard (D:1)
  4 rats
34 creatures vanquished.

Notes
Turn   | Place    | Note
-------+----------+-------------------------------------------
     0 | D:1      | timneilson the Octopode Shapeshifter began the quest for
                  | the Orb.
     0 | D:1      | Reached XP level 1. HP: 13/13 MP: 1/1
   113 | D:1      | Reached XP level 2. HP: 17/18 MP: 2/2
   235 | D:1      | You fall into a shaft and drop 1 floor!
   340 | D:1      | Reached skill level 1 in Stealth
   759 | D:2      | Reached XP level 3. HP: 16/23 MP: 3/3
  1332 | D:2      | Slain by an adder

Illustrated notes

Levels and vault maps discovered:
D:1:      heliophobic_arrival_enchanted_forest, layout_basic, serial_glass,
          glass_columns_b, glass_columns_a, glass_columns_a, glass_columns_a,
          glass_columns_b, glass_columns_b, chequers_serial_rivers_large_a
D:2:      minmay_alternating_diamond, layout_loops_ring

Skill      XL: |  1  2 |
---------------+-------+-----
Stealth        | 1 |  1.4
Fighting       | |  1.8
Dodging        | |  2.5
Unarmed Combat | |  3.3
Spellcasting   | |  0.1
Shapeshifting  | |  3.3

Action                     || total
---------------------------++-------
  Melee: Unarmed           ||    70
         Constrict         ||    17
         Tentacles         ||    14
         Punch             ||     1
    Use: Scroll            ||     6
   Stab: Sleeping          ||     9
 Armour: Skin              ||    32
  Dodge: Dodged            ||    42

Table legend: (Time is in decaauts)
 A = Elapsed time spent in this place.
 B = Non-inter-level travel time spent in this place.
 C = Inter-level travel time spent in this place.
 D = Time resting spent in this place.
 E = Time spent auto-exploring this place.
 F = Levels seen in this place.
 G = Mean time per level.
                   A        B        C        D        E       F      G
               +--------+--------+--------+--------+--------+-----+--------+
         Total |   1326 |   1304 |     22 |      0 |   1046 |   2 |  663.0 |
       Dungeon |   1326 |   1304 |     22 |      0 |   1046 |   2 |  663.0 |
               +--------+--------+--------+--------+--------+-----+--------+

Top non-repeatable levels by time:
     D:1: 678 daAuts
     D:2: 648 daAuts
